 Dungeon Sprint DCSS version 0.22.0-18-ge075c0d (webtiles) character file.

278 poirepourri the Executioner (level 8, 0/64 HPs)
             Began as a Minotaur Fighter on Aug 18, 2018.
             Was an Initiate of Gozag.
             Slain by a naga warlord
             ... wielding a +0 hand axe
              (4 damage)
             ... in the Dungeon (Sprint VI: "Thunderdome").
             The game lasted 00:02:36 (491 turns).

poirepourri the Executioner (Minotaur Fighter)       Turns: 491, Time: 00:02:37

Health: 0/64       AC:  6    Str: 30    XL:     8   Next: 87%
Magic:  7/7        EV:  4    Int:  7    God:    Gozag
Gold:   164        SH: 11    Dex: 23    Spells: 7/7 levels left

rFire    + + .     SeeInvis .   a - +8 war axe (elec)
rCold    x . .     Gourm    .   c - +0 shield
rNeg     . . .     Faith    .   b - +0 scale mail
rPois    +         Spirit   .   (helmet restricted)
rElec    +         Reflect  .   (no cloak)
rCorr    +         Harm     .   (no gloves)
MR       .....     Clarity  +   (no boots) Stlth +.........NoTele +
                                p - amulet of Kaxaepne {RegenMP rPois rF+ Int+6 Dex+4}
HPRegen  0.20/turn              q - ring of Yffiqaq {Fire rElec Str+4 Int-4 Dex+6}
MPRegen  0.35/turn              r - ring of Youthful Indiscretion {rCorr rElec Str+4}

@: hasted, constricted, very quick
A: retaliatory headbutt, horns 2, agile 1, blink, clarity
a: Blink, Potion Petition, Call Merchant, Bribe Branch, Renounce Religion


You were in the Dungeon.
You worshipped Gozag.
Gozag was aware of your devotion.
You were not hungry.

You visited 1 branch You collected 2292 gold pieces.
You spent 1323 gold pieces at shops.
You paid 805 gold pieces to Gozag.

Inventory:

Hand Weapons
 a - a +8 war axe of electrocution (weapon)
Armour
 b - a +0 scale mail (worn)
 c - a +0 shield (worn)
 d - the +2 pair of gloves of Intuition {Dex+3, unknown}
   (You bought it in a shop in the Dungeon)

   It affects your dexterity (+3).
Jewellery
 p - the amulet of Kaxaepne (around neck) {RegenMP rPois rF+ Int+6 Dex+4}
   (You bought it in a shop in the Dungeon)

   [amulet of magic regeneration]

   It increases your magic regeneration.
   It affects your intelligence (+6).
   It affects your dexterity (+4).
   It protects you from fire.
   It protects you from poison.
 q - the ring of Yffiqaq (left hand) {Fire rElec Str+4 Int-4 Dex+6}
   (You bought it in a shop in the Dungeon)

   [ring of fire]

   It enhances your fire magic.
   It affects your strength (+4).
   It affects your intelligence (-4).
   It affects your dexterity (+6).
   It protects you from fire.
   It makes you vulnerable to cold.
   It insulates you from electricity.
 r - the ring of Youthful Indiscretion (right hand) {rCorr rElec Str+4}
   (You bought it in a shop in the Dungeon)

   [ring of resist corrosion]

   It affects your strength (+4).
   It insulates you from electricity.
Wands
 m - a wand of acid (5)
 n - a wand of iceblast (5)
Scrolls
 k - 4 scrolls of blinking
 o - 3 scrolls of fog
Potions
 g - 3 potions of heal wounds
 h - 4 potions of haste
 i - 2 potions of magic
 j - a potion of berserk rage
 l - a potion of resistance
Comestibles
 f - a ration


   Skills:
 - Level 3.6 Fighting
 + Level 21.2 Axes
 - Level 3.6 Armour
 - Level 3.6 Shields


You had 7 spell levels left.
You didn't know any spells.
Your spell library was empty.

Dungeon Overview and Level Annotations

Branches:
Dungeon (1/1)

Altars:
Cheibriados
Dithmenos
Fedhas
Gozag
Kikubaaqudgha
Makhleb
Okawaru
Qazlal
Ru
Sif Muna
Trog
Uskayaw
Vehumet
Wu Jian
Xom
Yredelemnul
Zin
The Shining One
Beogh
Jiyva
Lugonu

Shops:
D *[%??*?*:[((!!!!


Innate Abilities, Weirdness & Mutations

You reflexively headbutt those who attack you in melee.
You have a pair of horns on your head.
You are agile. (Dex +2)
You can translocate small distances at will.
You possess an exceptional clarity of mind.


Message History

The naga warlord is heavily wounded.
The naga warlord hits you with a hand axe!
The naga warlord constricts you.
You barely miss the naga warlord. Your headbutt misses the naga warlord.
The naga warlord is heavily wounded.
You slice the naga warlord!!
The naga warlord is severely wounded.
The naga warlord spits poison at you. The splash of poison hits you!
You resist. The naga warlord constricts you.
You hit the naga warlord but do no damage.
Lightning courses through the naga warlord!
You headbutt the naga warlord.
The naga warlord is severely wounded.
You barely miss the naga warlord.
You headbutt the naga warlord, but do no damage.
The naga warlord is severely wounded.
The naga warlord hits you with a hand axe!!
* * * LOW HITPOINT WARNING * * *
You die...
Your body crumbles into a pile of gold.

##∩_._......###..)..._
###∩........8.# #.8.....
##.............###.......
#⌠..........###...###....
#⌠..........# #.<.# #....
#⌠..........###...###....
##.............###.......
###∩........8.# #.8.....
##∩__@N.....###......_
######.8.........8.##
#§..........[⌠#
###.........###
#_......._# #_......._#
#_........# #∩.......∩#
##∩.....∩##


You could see a naga warlord.

Vanquished Creatures
  An air elemental (D)
  6 neqoxecs (D)
  4 steam dragons (D)
  An insubstantial wisp (D)
  2 necrophages (D)
  A wight (D)
  An orc priest (D)
  An orc wizard (D)
  4 orcs (D)
  A giant cockroach zombie (D)
  A quokka skeleton (D)
23 creatures vanquished.

Notes
Turn   | Place    | Note
-------+----------+-------------------------------------------
     0 | D        | poirepourri the Minotaur Fighter began the quest for the Orb.
     0 | D        | Reached XP level 1. HP: 19/19 MP: 0/0
     3 | D        | Found an ancient bone altar of Kikubaaqudgha.
     3 | D        | Found a stormy altar of Qazlal.
     4 | D        | Found a bloodstained altar of Trog.
     5 | D        | Found a deep blue altar of Sif Muna.
     5 | D        | Found a shimmering altar of Xom.
     5 | D        | Round 1.
     6 | D        | Found Rimowkig's Delicious Food.
     6 | D        | Found a roughly hewn altar of Beogh.
     6 | D        | Found a sacrificial altar of Ru.
     6 | D        | Found Nougapha's Identification Station.
     7 | D        | Found Qoss's Jewellery.
     7 | D        | Found Leruj's Advanced Armour.
    15 | D        | Bought a bound silver amulet for 45 gold pieces
    15 | D        | Bought a brightly glowing jade ring for 45 gold pieces
    15 | D        | Bought a glittering lapis lazuli ring for 45 gold pieces
    15 | D        | Identified the ring of Yffiqaq {Fire rElec Str+4 Int-4 Dex+6} (You bought it in a shop in the Dungeon)
    16 | D        | Identified the ring of Youthful Indiscretion {rCorr rElec Str+4} (You bought it in a shop in the Dungeon)
    17 | D        | Identified the amulet of Kaxaepne {RegenMP rPois rF+ Int+6 Dex+4} (You bought it in a shop in the Dungeon)
    21 | D        | Found a viscous altar of Jiyva.
    22 | D        | Found a radiant altar of Vehumet.
    23 | D        | Found a burning altar of Makhleb.
    24 | D        | Found Vuojy's Premium Goods.
    25 | D        | Found Ruam's Miscellaneous Merchandise.
    25 | D        | Found Waix's Basic Armour.
    26 | D        | Found a hide-covered altar of Uskayaw.
    26 | D        | Found a glowing silver altar of Zin.
    26 | D        | Found Wenuyhir's Weapon Rack.
    30 | D        | Found a shadowy altar of Dithmenos.
    31 | D        | Noticed a necrophage
    31 | D        | Found an opulent altar of Gozag.
    34 | D        | Reached skill level 3 in Axes
    34 | D        | Noticed a wight
    36 | D        | Killed a necrophage
    36 | D        | Reached skill level 10 in Axes
    36 | D        | Reached XP level 2. HP: 23/25 MP: 1/1
    36 | D        | Reached XP level 3. HP: 28/30 MP: 2/2
    36 | D        | Reached XP level 4. HP: 36/38 MP: 3/3
    43 | D        | Reached skill level 11 in Axes
    45 | D        | Found a snail-covered altar of Cheibriados.
    45 | D        | Found Topicren's Do-It-Yourself Clinic.
    45 | D        | Found Lupeanepa's Bottled Wisdom.
    46 | D        | Found Koobriex's Distillery.
    49 | D        | Became a worshipper of Gozag Ym Sagoz the Greedy
    50 | D        | Found a blossoming altar of Fedhas.
    50 | D        | Found an iron altar of Okawaru.
    50 | D        | Found a basalt altar of Yredelemnul.
    50 | D        | Found Ileyneru's Distillery.
    52 | D        | Noticed a necrophage
    54 | D        | Found a corrupted altar of Lugonu.
    60 | D        | Killed a necrophage
    60 | D        | Arena points: 12 (+12) [x2]
    60 | D        | Reached skill level 13 in Axes
    60 | D        | Reached XP level 5. HP: 40/44 MP: 4/4
    68 | D        | Found a glowing golden altar of the Shining One.
    68 | D        | Found Dyczomp's Staff Store.
    68 | D        | Found Woptew's Must-Have Magic.
    69 | D        | Found Ruqiraetz's Magic Scroll Shop.
    70 | D        | Found an ornate altar of the Wu Jian Council.
    70 | D        | Found Xuitaweu's Magic Scroll Shop.
   130 | D        | Round 2.
   147 | D        | Reached skill level 14 in Axes
   158 | D        | Arena points: 54 (+42) [x3]
   158 | D        | Reached XP level 6. HP: 48/51 MP: 5/5
   199 | D        | Round 3.
   208 | D        | Noticed a steam dragon
   221 | D        | Killed a steam dragon
   221 | D        | Reached skill level 16 in Axes
   228 | D        | Noticed a steam dragon
   233 | D        | Noticed a steam dragon
   240 | D        | Killed a steam dragon
   240 | D        | Reached XP level 7. HP: 45/57 MP: 6/6
   244 | D        | Killed a steam dragon
   244 | D        | Reached skill level 17 in Axes
   260 | D        | Noticed an air elemental
   268 | D        | Killed an air elemental
   268 | D        | Reached skill level 18 in Axes
   275 | D        | Noticed a steam dragon
   280 | D        | Killed a steam dragon
   289 | D        | Arena points: 138 (+84) [x4]
   289 | D        | Reached skill level 19 in Axes
   289 | D        | Reached XP level 8. HP: 27/64 MP: 7/7
   318 | D        | Bought a scroll of brand weapon for 200 gold pieces
   318 | D        | Bought 8 scrolls of enchant weapon for 600 gold pieces
   340 | D        | Round 4.
   345 | D        | Reached skill level 20 in Axes
   366 | D        | Gained mutation: Scrolls take you a little longer to read. [a neqoxec]
   393 | D        | Gained mutation: You tend to lose your temper in combat. [a neqoxec]
   432 | D        | Arena points: 278 (+140) [x5]
   432 | D        | Reached skill level 21 in Axes
   444 | D        | Bought a potion of mutation for 56 gold pieces
   444 | D        | Lost mutation: Scrolls take you a little longer to read. [potion of mutation]
   444 | D        | Lost mutation: You tend to lose your temper in combat. [potion of mutation]
   444 | D        | Gained mutation: You possess an exceptional clarity of mind. [potion of mutation]
   444 | D        | Gained mutation: You are agile. (Dex +2) [potion of mutation]
   444 | D        | Gained mutation: You can translocate small distances at will. [potion of mutation]
   471 | D        | Round 5.
   473 | D        | Noticed a naga warlord
   474 | D        | Bought a pair of scorched gloves for 332 gold pieces
   491 | D        | Slain by a naga warlord

Skill      XL: |  1  2  3  4  5  6  7  8 |
---------------+-------------------------+-----
Axes           | 10 13 14 16 19 21 | 21.2
Fighting       | |  3.6
Armour         | |  3.6
Shields        | |  3.6

Action                   |  1- 3 |  4- 6 |  7- 9 || total
-------------------------+-------+-------+-------++-------
Melee: War axe           |     3 |    33 |    42 ||    78
       Headbutt          |       |     9 |    10 ||    19
Invok: Potion Petition   |       |       |     3 ||     3
  Use: Potion            |       |     2 |     2 ||     4
       Scroll            |       |       |     9 ||     9
 Stab: Distracted        |       |       |     1 ||     1
Armor: Scale mail        |     2 |     5 |     9 ||    16
Dodge: Dodged            |     1 |     8 |     6 ||    15
Block: Shield            |       |    14 |    11 ||    25
